 Dungeon Crawl Stone Soup version 0.27.1 (webtiles) character file.

Game seed: 2777081505732325691

71 a11behringer the Vandal (level 4, -1/34 HPs)
             Began as a Formicid Hunter on Aug 21, 2021.
             Succumbed to a scorpion's poison
             ... on level 3 of the Dungeon.
             The game lasted 00:18:10 (1784 turns).

a11behringer the Vandal (Formicid Hunter)           Turns: 1784, Time: 00:18:11

Health: -1/34      AC:  5    Str: 16    XL:     4   Next: 47%
Magic:  4/4        EV: 11    Int: 11    God:
Gold:   30         SH:  0    Dex: 12    Spells: 3/3 levels left

rFire    . . .     SeeInvis +   n - +0 war axe
rCold    . . .     Faith    .   (no shield)
rNeg     . . .     Spirit   .   c - +0 leather armour
rPois    .         Reflect  .   (helmet unavailable)
rElec    .         Harm     .   (no cloak)
rCorr    .         Rampage  .   (no gloves)
Will     .....                  m - +1 pair of boots
Stlth    +.........             e - amulet of the acrobat
HPRegen  0.11/turn              (no ring)
MPRegen  0.09/turn              (no ring)

@: lethally poisoned (-1 -> -25)
A: permanent stasis, dig shafts and tunnels, antennae 3, four strong arms
a: Dig, Shaft Self


You were on level 3 of the Dungeon.
You visited 1 branch of the dungeon, and saw 3 of its levels.

You collected 58 gold pieces.
You spent 28 gold pieces at shops.

Inventory:

Hand Weapons
 a - a +1 hunting sling
 b - a +0 short sword
 n - a +0 war axe (weapon)
Missiles
 d - 12 sling bullets
 h - 69 stones (quivered)
Armour
 c - a +0 leather armour (worn)
 i - a +0 helmet
 m - a +1 pair of boots (worn)
Jewellery
 e - an amulet of the acrobat (around neck)
Scrolls
 f - a scroll of vulnerability {unknown}
 g - a scroll of immolation
 l - a scroll of identify
 o - a scroll of enchant weapon {unknown}
 r - a scroll of enchant armour
 s - a scroll of fear {unknown}
Potions
 j - a potion of heal wounds
 k - 2 potions of curing {unknown}
 p - a potion of invisibility {unknown}
 q - a potion of brilliance {unknown}


   Skills:
 + Level 2.9 Fighting
 - Level 0.5 Short Blades
 * Level 0.4 Axes
 * Level 5.3 Slings
 + Level 1.5 Armour
 + Level 1.8 Dodging
 + Level 1.2 Stealth


You had 3 spell levels left.
You didn't know any spells.
Your spell library was empty.

Dungeon Overview and Level Annotations

Branches:
Dungeon (3/15)

Altars:

Shops:
D:1 **!*[


Innate Abilities, Weirdness & Mutations

You cannot be hasted, slowed, berserked, paralysed or teleported.
You can dig through walls and to a lower floor.
You have a pair of large antennae on your head. (SInv)
Your four strong arms can wield two-handed weapons with a shield.


Message History

You see here a scroll of identify.
Fire: 15 sling bullets
Press: ? - help, Q - select action, (/) - cycle Shift-Dir - straight line, f - scorpion
Aim: a scorpion (wandering, hasn't noticed you, 62% to hit)
You shoot a sling bullet.
The sling bullet completely misses the scorpion.
Fire: 14 sling bullets
Press: ? - help, Q - select action, (/) - cycle Shift-Dir - straight line, f/p - scorpion
Aim: a scorpion (62% to hit)
You shoot a sling bullet.
The sling bullet hits the scorpion but does no damage.
Fire: 13 sling bullets
Press: ? - help, Q - select action, (/) - cycle Shift-Dir - straight line, f/p - scorpion
Aim: a scorpion (62% to hit)
You shoot a sling bullet.
The sling bullet closely misses the scorpion.
n - a +0 war axe (weapon)
You closely miss the scorpion.
The scorpion stings you but does no damage.
The scorpion stings you.
You closely miss the scorpion.
The scorpion stings you but does no damage.
The scorpion stings you.
You completely miss the scorpion. The scorpion barely misses you.
The scorpion stings you.
You slash the scorpion!
The scorpion is severely wounded.
The scorpion stings you.
You are poisoned.
The scorpion poisons you! The scorpion stings you.
You barely miss the scorpion.
The scorpion is severely wounded.
You feel very sick. The scorpion stings you.
* * * LOW HITPOINT WARNING * * *
You are more poisoned.
The scorpion poisons you!
You hit the scorpion.
The scorpion is almost dead.
You die...

.#####.....#
...........# . ?...
...#.# ##. ####.(##....#
#.. ((..........# #.#
..†(.......# #.#
#.......##########>#
#.s@................
............###....###.#
..####.>.....#####.#....
######......#.#.#.#
#...##.......#
##....##......
#.##....##..#
#.##..####..# #.#...#
#..#


You could see a scorpion.

Vanquished Creatures
  3 adders (D:2)
  A dart slug (D:1)
  8 endoplasms
  A giant cockroach (D:1)
  3 goblins
  2 hobgoblins
  5 jackals
  4 kobolds (D:1)
  2 ball pythons
  3 bats (D:1)
  A frilled lizard (D:2)
  6 rats
39 creatures vanquished.

Notes
Turn   | Place    | Note
-------+----------+-------------------------------------------
     0 | D:1      | a11behringer the Formicid Hunter began the quest for the
                  | Orb.
     0 | D:1      | Reached XP level 1. HP: 16/16 MP: 1/1
   169 | D:1      | Reached XP level 2. HP: 23/23 MP: 2/2
   229 | D:1      | Found Niupnoj's Distillery.
   290 | D:1      | Found Gitreh's General Store.
   307 | D:1      | Bought a scroll of identify for 28 gold pieces
   327 | D:1      | Found Puehefej's Assorted Antiques.
   345 | D:1      | Reached XP level 3. HP: 18/28 MP: 3/3
   725 | D:1      | Found Bots's Antique Armour Emporium.
   744 | D:1      | Found Qeshrime's Assorted Antiques.
   978 | D:2      | Reached skill level 5 in Slings
  1063 | D:2      | Reached skill level 1 in Armour
  1122 | D:2      | Reached XP level 4. HP: 34/34 MP: 4/4
  1774 | D:3      | Noticed a scorpion
  1784 | D:3      | Succumbed to a scorpion's poison

Illustrated notes

Levels and vault maps discovered:
D:1:      dpeg_arrival_snail, layout_loops_ring, serial_shops,
          nicolae_shop_temple_entry_statues_fountains, nicolae_lakefront_shop,
          shop, nicolae_shop_crystal, nicolae_shop_trees
D:2:      layout_basic
D:3:      layout_rooms

Skill      XL: |  1  2  3 |
---------------+----------+-----
Slings         | 5 |  5.3
Armour         | 1 |  1.5
Fighting       | |  2.9
Short Blades   | |  0.5
Axes           | |  0.4
Dodging        | |  1.8
Stealth        | |  1.2

Action                   |  1- 3 |  4- 6 || total
-------------------------+-------+-------++-------
Melee: Short sword       |    35 |       ||    35
       War axe           |       |    11 ||    11
 Fire: Hunting sling     |    40 |    23 ||    63
Throw: Stone             |     5 |       ||     5
 Abil: Dig               |     1 |       ||     1
  Use: Scroll            |     1 |     2 ||     3
Armor: Leather armour    |    10 |     3 ||    13
Dodge: Dodged            |    29 |     6 ||    35
